 Dungeon Crawl Stone Soup version 0.19.0-2-gae57169 (webtiles) character file.

141957 dobroeutro the Bludgeoner (level 17, -2/112 HPs)
             Began as a Gargoyle Fighter on Nov 6, 2016.
             Was the Champion of Okawaru.
             Killed from afar by a crystal guardian (30 damage)
             ... with a crystal bolt
             ... on level 4 of the Abyss.
             The game lasted 00:57:13 (27428 turns).

dobroeutro the Bludgeoner (Gargoyle Fighter)       Turns: 27428, Time: 00:57:14

Health: -2/112     AC: 39    Str: 27    XL:     17   Next: 34%
Magic:  29/33      EV: 18    Int: 14    God:    Okawaru [******]
Gold:   1720       SH:  0    Dex: 10    Spells: 0 memorised, 16 levels left

rFire  + + +     SeeInvis +     I - +10 great mace of Ragnarok {drain, *Rage rF+++ MP+9 Stlth+}
rCold  . . .     Gourm    .     U - +5 swamp dragon scales "Itejyh" {rPois Regen+ rCorr Int+7 Dex-5}
rNeg   + . .     Faith    .     (shield currently unavailable)
rPois  ∞         Spirit   .     (no helmet)
rElec  +         Reflect  .     K - +0 cloak {MR+}
rCorr  +         Harm     .     J - +0 pair of gloves
MR     +++..     Clarity  +     O - +2 pair of boots "Wyok" {Str+2}
Stlth  +++.......               (no amulet)
                                C - ring of see invisible
                                v - ring of protection from magic

@: heroism, flying
A: big wings, hooves 1, slimy green scales 1, agile 2, blink, clarity, dopey 1,
high mp 1, negative energy resistance 1, electricity resistance, unbreathing,
petrification resistance, rot immunity, AC +12
a: Stop Flying, Blink, Heroism, Finesse, Renounce Religion


You were on level 4 of the Abyss.
You worshipped Okawaru.
Okawaru was exalted by your worship.
You were very hungry.

You visited 6 branches of the dungeon, and saw 29 of its levels.
You visited the Abyss 1 time.

You collected 2735 gold pieces.
You spent 1015 gold pieces at shops.

Inventory:

Hand Weapons
 I - the +10 great mace of Ragnarok (weapon) {drain, *Rage rF+++ MP+9 Stlth+}
   (You bought it in a shop on level 11 of the Dungeon)

   A truly terrible weapon, it drains the life of those it strikes.
   It renders you almost immune to fire.
   It affects your magic capacity (+9).
   It may make you go berserk in combat.
   It makes you more stealthy.
 X - a +3 flail of flaming
Armour
 c - a +0 shield
 B - the +3 shield "Xuorch" {*Slow Int+6, unknown}
   (You found it on level 15 of the Dungeon)

   It affects your intelligence (+6).
   It may slow you when you take damage.
 J - a +0 pair of gloves (worn)
 K - a +0 cloak of magic resistance (worn)
 O - the +2 pair of boots "Wyok" (worn) {Str+2}
   (You found it on level 6 of the Lair of Beasts)

   It affects your strength (+2).
 Q - a +4 plate armour of poison resistance
 U - the +5 swamp dragon scales "Itejyh" (worn) {rPois Regen+ rCorr Int+7 Dex-5}
   (Okawaru gifted it to you on level 6 of the Lair of Beasts)

   It affects your intelligence (+7).
   It affects your dexterity (-5).
   It protects you from poison.
   It increases your rate of regeneration.
   It protects you from acid and corrosion.
 Y - a +1 crystal plate armour
Jewellery
 e - the amulet "Oskenuer" {Faith *Drain rC++ MR+ Int+2}
   (You found it on level 5 of the Lair of Beasts)

   [amulet of faith]

   It allows you to gain divine favour quickly.
   It affects your intelligence (+2).
   It greatly protects you from cold.
   It affects your resistance to hostile enchantments.
   It causes draining when unequipped.
 s - an uncursed ring of resist corrosion
 v - a ring of protection from magic (left hand)
 y - an uncursed ring of protection from cold
 A - the ring "Coygear" {Ice rElec Str+2 Int-5}
   (You bought it in a shop on level 11 of the Dungeon)

   [ring of ice]

   It enhances your ice magic.
   It affects your strength (+2).
   It affects your intelligence (-5).
   It makes you vulnerable to fire.
   It protects you from cold.
   It insulates you from electricity.
 C - a ring of see invisible (right hand)
Wands
 g - a wand of flame (9/48)
 j - a wand of digging (8/24)
 H - a wand of flame (43/48)
 V - a wand of paralysis (13/24)
 Z - a wand of lightning (10/15)
Scrolls
 h - 6 scrolls of amnesia
 k - 14 scrolls of remove curse
 m - 5 scrolls of recharging
 o - 5 scrolls of teleportation
 p - 4 scrolls of enchant weapon
 L - 4 scrolls of magic mapping
 N - 3 scrolls of fog
 P - a scroll of brand weapon
 R - 4 scrolls of fear
 S - 4 scrolls of enchant armour
 T - 3 scrolls of identify
 W - a scroll of blinking
Potions
 d - 4 potions of might
 n - 7 potions of brilliance
 q - 3 potions of cancellation
 r - a potion of cure mutation
 t - 3 potions of agility
 u - 5 potions of lignification
 w - a potion of ambrosia
 x - a potion of berserk rage
 z - 5 potions of curing
 D - 2 potions of resistance
 E - 4 potions of haste
 F - a potion of heal wounds
Miscellaneous
 a - a lamp of fire (inert)
 G - a phial of floods (inert)
 M - a sack of spiders
Comestibles
 b - 26 fruits
 f - 11 bread rations
 i - 13 slices of pizza
 l - 8 meat rations


   Skills:
 + Level 14.7(19.7) Fighting
 * Level 18.2(23.2) Maces & Flails
 + Level 12.1(17.1) Armour
 + Level 9.6(14.6) Dodging
 + Level 12.1(17.1) Shields
 - Level 7.0 Evocations


You had 16 spell levels left.
You didn't know any spells.

Dungeon Overview and Level Annotations

Branches:
Dungeon (15/15)            Temple (1/1) D:6            Lair (6/6) D:8
  Swamp (3/4) Lair:2        Snake (2/4) Lair:4        Slime (0/5) Lair:5
    Orc (2/2) D:10            Elf (0/3) Orc:2        Vaults (0/5) D:14
 Depths (0/5) D:15

Altars:
Ashenzari
Dithmenos
Elyvilon
Gozag
Hepliaklqana
Kikubaaqudgha
Nemelex Xobeh
Okawaru
Qazlal
Ru
Sif Muna
Trog
Uskayaw
Xom
Yredelemnul
Zin
The Shining One

Shops:
D:5 =   D:9 [}[   D:11 ::*   Orc:2 [%%(   Snake:1 *


Innate Abilities, Weirdness & Mutations

You are resistant to torment.
Your stone body is resilient. (AC +12)
You are immune to poison.
Your large and strong wings let you fly indefinitely.
You resist negative energy. (rN+)
You are resistant to electric shocks. (rElec)
You can survive without breathing.
You are immune to petrification.
You are immune to rotting.
You have large cloven feet.
You are partially covered in slimy green scales. (AC +2)
You are very agile. (Dex +4)
You can translocate small distances at will.
You possess an exceptional clarity of mind.
You are dopey. (Int -2)
You have an increased reservoir of magic. (+10% MP)


Message History

You gain the combat prowess of a mighty hero.
The great orb of eyes bites you but does no damage.
The crystal guardian closely misses you.
The crystal guardian hits you but does no damage.
Your water elemental hits the crystal guardian.
You hit the crystal guardian but do no damage.
The crystal guardian is lightly damaged.
The harpy is engulfed in a cloud of scalding steam.
The great orb of eyes barely misses you.
The crystal guardian fires a crystalline bolt at you.
The crystal bolt burns you! You resist.
* * * LOW HITPOINT WARNING * * *
The harpy misses you. The harpy claws you but does no damage.
You sock the crystal guardian!
The crystal guardian is lightly damaged.
The harpy closely misses you. The harpy claws you but does no damage.
Your water elemental hits the crystal guardian.
The crystal guardian fires a crystalline bolt at you.
The crystal bolt freezes you!
You die...

. # #[([φ$?? ..
.. XXx**X$+ .
...##xxxxx# .
...##Xxx .
...####### ####
##........####
.#....E.)§.#..
#.##...8H≈§.§..
# ##...@8§.....
#.#.....G.#..#.
####...........
#...........
##........##
#.....####
#.##.## .# #.


You could see a great orb of eyes, 2 crystal guardians, 3 thrashing horrors, a
harpy, 6 unseen horrors, 2 lurking horrors and a friendly water elemental.

Vanquished Creatures
  Bai Suzhen (Swamp:3)
  A tentacled monstrosity (Swamp:2)
  Rupert (Lair:6)
  2 tentacled starspawn
  Agnes (D:15)
  Frances (D:13)
  Aizul (Swamp:3)
  The ghost of CcS the Covert, a journeyman GrEn of Nemelex Xobeh (D:15)
  Nessos (D:14)
  A green draconian (Abyss:3)
  8 vault guards
  A yaktaur captain (D:15)
  2 naga warriors (Snake:1)
  11 hydras
  Erolcha (D:10)
  A great orb of eyes (shapeshifter) (Abyss:4)
  A rakshasa (Abyss:4)
  A catoblepas (D:15)
  Erica (D:8)
  4 centaur warriors
  2 alligators (Swamp:1)
  An anaconda (Snake:1)
  4 ogre magi
  A thrashing horror (Abyss:2)
  3 spriggans
  Urug (Orc:1)
  A hell knight (D:15)
  A wretched star (Abyss:2)
  8 skeletal warriors (D:15)
  5 swamp dragons (Swamp:1)
  A spriggan druid (Swamp:3)
  2 unseen horrors
  2 naga ritualists (Snake:1)
  2 deep trolls (Orc:2)
  9 hill giants
  An orc knight (D:14)
  Pikel (D:5)
  A deep elf mage (D:12)
  2 wolf spiders (Lair:6)
  An orc sorcerer (D:15)
  7 mana vipers
  4 salamanders
  8 cyclopes
  18 slime creatures
  3 elephants (Lair:6)
  A manticore (D:12)
  22 black mambas
  3 smoke demons
  Joseph (D:8)
  4 naga magi
  A guardian serpent (Snake:1)
  A gargoyle (D:10)
  18 spiny frogs
  A kobold demonologist (D:13)
  2 orange demons
  5 rime drakes
  A freezing wraith (D:15)
  2 komodo dragons
  A tengu conjurer (D:15)
  An ancient zyme (Abyss:2)
  15 trolls
  5 tyrant leeches
  9 hornets
  6 two-headed ogres (Orc:2)
  Prince Ribbit (D:6)
  8 blink frogs
  10 hippogriffs
  A fire dragon zombie (Abyss:1)
  2 dream sheep (D:11)
  5 raiju (Abyss:2)
  5 bog bodies
  A vampire (Abyss:2)
  A ynoxinul (Abyss:4)
  12 wyverns
  3 large abominations
  34 yaks
  Grum (D:8)
  3 wraiths
  4 basilisks
  A steam dragon (Lair:4)
  4 hungry ghosts
  26 vampire mosquitoes
  Menkaure (D:5)
  15 swamp worms
  3 insubstantial wisps (Swamp:3)
  11 nagas (Snake:1)
  23 water moccasins
  Edmund (D:6)
  A warg (D:15)
  A soldier ant (D:14)
  13 porcupines
  3 swamp drakes
  5 ice beasts
  11 orc warriors
  3 eyes of draining
  3 black bears
  27 ogres
  2 phantoms
  10 centaurs
  6 wolves
  9 crocodiles
  7 big kobolds
  18 bullfrogs
  A gnoll sergeant (D:9)
  A wyvern zombie (D:13)
  5 scorpions
  3 howler monkeys
  4 electric eels
  A vampire bat (D:3)
  3 wights (D:8)
  7 crimson imps
  A bullfrog zombie (D:11)
  4 centaur zombies
  2 jellies
  3 quasits
  4 hounds
  14 orc wizards
  9 orc priests
  A bullfrog skeleton (D:6)
  5 centaur skeletons
  4 iguanas
  15 worker ants
  A small abomination (Abyss:2)
  A hound zombie (D:11)
  A hound skeleton (D:7)
  A worker ant zombie (D:8)
  13 gnolls
  A howler monkey skeleton (D:9)
  28 adders
  9 shadow imps
  An ooze (D:4)
  An adder zombie (D:8)
  2 adder skeletons
  A worm (D:5)
  4 dart slugs
  3 fire bats (D:3)
  2 leopard geckos
  45 orcs
  2 spectral bats (D:3)
  3 bat skeletons (D:3)
  A bat zombie (D:3)
  5 giant cockroaches
  7 goblins
  9 hobgoblins
  14 jackals
  3 quokkas
  2 ball pythons
  14 bats
  A bat simulacrum (D:3)
  4 frilled lizards
  28 kobolds
  8 rats
  2 fungi
  2 starspawn tentacles (Abyss:4)
831 creatures vanquished.

Vanquished Creatures (collateral kills)
  3 blink frogs (Lair:3)
3 creatures vanquished.

Vanquished Creatures (others)
  A hill giant (D:9)
  A two-headed ogre (D:9)
  4 orcs
  12 fungi
  A lurking horror (Abyss:3)
  20 plants
  17 starspawn tentacles
56 creatures vanquished.

Grand Total: 890 creatures vanquished

Notes
Turn   | Place    | Note
-------+----------+-------------------------------------------
     0 | D:1      | dobroeutro the Gargoyle Fighter began the quest for the Orb.
     0 | D:1      | Reached XP level 1. HP: 14/14 MP: 1/1
   105 | D:1      | Reached XP level 2. HP: 18/19 MP: 2/2
   612 | D:2      | Reached XP level 3. HP: 22/24 MP: 3/3
   764 | D:2      | Reached skill level 3 in Maces & Flails
  1107 | D:2      | Found an opulent altar of Gozag.
  1370 | D:3      | Reached XP level 4. HP: 27/29 MP: 4/4
  1433 | D:3      | Reached skill level 4 in Maces & Flails
  1439 | D:3      | Reached XP level 5. HP: 15/34 MP: 5/5
  1665 | D:3      | Reached skill level 5 in Fighting
  1668 | D:3      | Reached skill level 5 in Maces & Flails
  1668 | D:3      | Reached XP level 6. HP: 36/40 MP: 6/6
  2681 | D:4      | Reached skill level 6 in Maces & Flails
  2681 | D:4      | Reached XP level 7. HP: 21/44 MP: 7/7
  3012 | D:4      | Found a hazy altar of Hepliaklqana.
  3012 | D:4      | Found an ancient bone altar of Kikubaaqudgha.
  3311 | D:5      | Entered Level 5 of the Dungeon
  3582 | D:5      | Found Efyfido's Jewellery Shop.
  3687 | D:5      | Noticed Pikel
  3720 | D:5      | Killed Pikel
  3720 | D:5      | Reached skill level 7 in Maces & Flails
  3720 | D:5      | Reached XP level 8. HP: 33/52 MP: 8/8
  3746 | D:5      | Found a basalt altar of Yredelemnul.
  3966 | D:5      | Noticed Menkaure
  3969 | D:5      | Killed Menkaure
  3969 | D:5      | Reached skill level 8 in Maces & Flails
  4254 | D:6      | Noticed Prince Ribbit
  4266 | D:6      | Killed Prince Ribbit
  4363 | D:6      | Noticed Edmund
  4382 | D:6      | Killed Edmund
  4382 | D:6      | Reached skill level 9 in Maces & Flails
  4417 | D:6      | Reached XP level 9. HP: 49/59 MP: 9/9
  4524 | D:6      | Found a staircase to the Ecumenical Temple.
  4577 | Temple   | Entered the Ecumenical Temple
  4583 | Temple   | Became a worshipper of Warmaster Okawaru
  5295 | D:7      | Reached skill level 10 in Maces & Flails
  5950 | D:8      | Found a deep blue altar of Sif Muna.
  5956 | D:8      | Found a bloodstained altar of Trog.
  5961 | D:8      | Found a shimmering altar of Xom.
  5961 | D:8      | Found a hide-covered altar of Uskayaw.
  6010 | D:8      | Noticed Joseph
  6038 | D:8      | Killed Joseph
  6038 | D:8      | Reached * piety under Okawaru
  6263 | D:8      | Noticed Erica
  6281 | D:8      | Killed Erica
  6281 | D:8      | Reached ** piety under Okawaru
  6281 | D:8      | Reached skill level 11 in Maces & Flails
  6281 | D:8      | Reached XP level 10. HP: 26/66 MP: 10/10
  6400 | D:8      | Got a polished war axe
  6401 | D:8      | Identified the cursed +1 war axe of Outrage {chop, -Tele Str+4 Dex+4} (You found it on level 8 of the Dungeon)
  6431 | D:8      | Noticed Grum
  6621 | D:8      | Killed Grum
  6873 | D:8      | Found a staircase to the Lair.
  7120 | D:9      | Killed a hill giant
  7122 | D:9      | Reached skill level 12 in Maces & Flails
  7135 | D:9      | Reached *** piety under Okawaru
  7135 | D:9      | Reached skill level 10 in Fighting
  7186 | D:9      | Found Fumeod's Gadget Shoppe.
  7197 | D:9      | Found Sydomyrop's Antique Armour Shop.
  7204 | D:9      | Bought a pair of glowing boots for 336 gold pieces
  7317 | D:9      | Found Zikucsig's Antique Armour Boutique.
  7343 | D:9      | Reached skill level 1 in Evocations
  7661 | D:10     | Entered Level 10 of the Dungeon
  7661 | D:10     | Noticed Erolcha
  7725 | D:9      | Reached skill level 1 in Dodging
  7806 | D:10     | Found a staircase to the Orcish Mines.
  7988 | D:10     | Killed Erolcha
  7988 | D:10     | Reached **** piety under Okawaru
  7988 | D:10     | Received a gift from Okawaru
  8014 | D:10     | Noticed a gargoyle
  8035 | D:10     | Killed a gargoyle
  8035 | D:10     | Reached XP level 11. HP: 46/72 MP: 12/12
  8698 | D:11     | Noticed a hill giant
  8705 | D:11     | Killed a hill giant
  8705 | D:11     | Reached ***** piety under Okawaru
  8705 | D:11     | Received a gift from Okawaru
  8781 | D:11     | Killed an unseen horror
  8781 | D:11     | Reached skill level 5 in Armour
  9004 | D:11     | Reached skill level 5 in Shields
  9254 | D:11     | Found Daqol's Assorted Antiques.
  9315 | D:11     | Found Qaidim's Book Shoppe.
  9400 | D:11     | Found Kimneal's Book Emporium.
  9595 | D:11     | Noticed a three-headed hydra
  9617 | D:11     | Reached skill level 13 in Maces & Flails
  9656 | D:11     | Killed a three-headed hydra
  9656 | D:11     | Received a gift from Okawaru
 10111 | D:11     | Bought a transparent copper ring for 115 gold pieces
 10111 | D:11     | Identified the ring "Coygear" {Ice rElec Str+2 Int-5} (You bought it in a shop on level 11 of the Dungeon)
 10509 | D:12     | Noticed a six-headed hydra
 10535 | D:12     | Killed a six-headed hydra
 10535 | D:12     | Reached XP level 12. HP: 48/80 MP: 14/14
 11505 | Lair:1   | Entered Level 1 of the Lair of Beasts
 12612 | Lair:2   | Noticed an eight-headed hydra
 12632 | Lair:2   | Killed an eight-headed hydra
 12860 | Lair:2   | Received a gift from Okawaru
 12875 | Lair:2   | Found a staircase to the Swamp.
 13094 | Lair:2   | Found a glowing golden altar of the Shining One.
 13207 | Lair:2   | Reached skill level 14 in Maces & Flails
 13579 | Lair:3   | Got an encrusted hand axe
 13580 | Lair:3   | Identified the +7 hand axe "Isileg" {flame, Str+3} (You found it on level 3 of the Lair of Beasts)
 13634 | Lair:3   | Reached skill level 5 in Evocations
 13710 | Lair:3   | Reached ****** piety under Okawaru
 13726 | Lair:3   | Reached XP level 13. HP: 75/85 MP: 16/16
 14017 | Lair:3   | Reached skill level 5 in Dodging
 14359 | Lair:4   | Received a gift from Okawaru
 14808 | Lair:4   | Found a staircase to the Snake Pit.
 15510 | Lair:5   | Found a staircase to the Slime Pits.
 15614 | Lair:5   | Gained mutation: You are agile. (Dex +2) [potion of mutation]
 15614 | Lair:5   | Gained mutation: You have large cloven feet. [potion of mutation]
 15614 | Lair:5   | Gained mutation: You have an increased reservoir of magic. (+10% MP) [potion of mutation]
 15615 | Lair:5   | Gained mutation: You are partially covered in slimy green scales. (AC +2) [potion of mutation]
 15615 | Lair:5   | Gained mutation: Your large and strong wings let you fly indefinitely. [potion of mutation]
 15615 | Lair:5   | Gained mutation: You are very agile. (Dex +4) [potion of mutation]
 15616 | Lair:5   | Gained mutation: You are dopey. (Int -2) [potion of mutation]
 15616 | Lair:5   | Gained mutation: You possess an exceptional clarity of mind. [potion of mutation]
 15616 | Lair:5   | Gained mutation: You can translocate small distances at will. [potion of mutation]
 15619 | Lair:5   | Got a vibrating iron amulet
 16427 | D:11     | Bought a scorched great mace for 264 gold pieces
 16432 | D:11     | Identified the +10 great mace of Ragnarok {drain, *Rage rF+++ MP+9 Stlth+} (You bought it in a shop on level 11 of the Dungeon)
 16720 | D:13     | Noticed Frances
 16744 | D:13     | Killed Frances
 16744 | D:13     | Received a gift from Okawaru
 17556 | D:5      | Bought an uncursed ring of protection from magic for 300 gold pieces
 17708 | Lair:6   | Entered Level 6 of the Lair of Beasts
 18194 | Lair:6   | Reached skill level 15 in Maces & Flails
 18211 | Lair:6   | Mutation became permanent: Your large and strong wings let you fly indefinitely. [Gargoyle growth]
 18211 | Lair:6   | Reached XP level 14. HP: 85/92 MP: 20/20
 18618 | Lair:6   | Noticed Rupert
 18633 | Lair:6   | Killed Rupert
 18662 | Lair:6   | Received a gift from Okawaru
 18918 | Lair:6   | Received a gift from Okawaru
 18924 | Lair:6   | Got crude swamp dragon scales {god gift}
 18935 | Lair:6   | Identified the +5 swamp dragon scales "Itejyh" {rPois Regen+ rCorr Int+7 Dex-5} (Okawaru gifted it to you on level 6 of the Lair of Beasts)
 19391 | Lair:6   | Got a pair of steaming boots
 19402 | Lair:6   | Identified the +2 pair of boots "Wyok" {Str+2} (You found it on level 6 of the Lair of Beasts)
 19843 | Orc:1    | Entered Level 1 of the Orcish Mines
 20021 | Orc:1    | Noticed Urug
 20027 | Orc:1    | Killed Urug
 20525 | D:14     | Reached skill level 16 in Maces & Flails
 20525 | D:14     | Reached XP level 15. HP: 58/98 MP: 22/22
 20682 | D:14     | Found a gate to the Vaults.
 20740 | D:14     | Identified the amulet "Oskenuer" {Faith *Drain rC++ MR+ Int+2} (You found it on level 5 of the Lair of Beasts)
 20744 | D:14     | Noticed Nessos
 20761 | D:14     | Killed Nessos
 20840 | D:14     | Received a gift from Okawaru
 20994 | D:15     | Entered Level 15 of the Dungeon
 21000 | D:15     | Reached skill level 10 in Shields
 21113 | D:15     | Reached skill level 10 in Armour
 21357 | D:15     | Noticed Agnes
 21364 | D:15     | Killed Agnes
 21590 | D:15     | Got a spiked shield
 21744 | D:15     | Found a staircase to the Depths.
 21918 | D:15     | Noticed CcS's ghost (journeyman GrEn)
 21955 | D:15     | Received a gift from Okawaru
 21991 | D:15     | Killed CcS's ghost
 22464 | Orc:2    | Entered Level 2 of the Orcish Mines
 22515 | Orc:2    | Found a staircase to the Elven Halls.
 22566 | Orc:2    | Found Rusad's Food Emporium.
 22566 | Orc:2    | Found Yderock's Weapon Shoppe.
 22695 | Orc:2    | Reached skill level 17 in Maces & Flails
 22706 | Orc:2    | Reached XP level 16. HP: 105/105 MP: 23/23
 22729 | Orc:2    | Found Unealamp's Antique Armour Shop.
 22732 | Orc:2    | Found Saf Cuda's Food Emporium.
 23295 | Swamp:1  | Entered Level 1 of the Swamp
 23894 | Swamp:1  | Received a gift from Okawaru
 24116 | Swamp:2  | Noticed a tentacled monstrosity
 24129 | Swamp:2  | Killed a tentacled monstrosity
 24700 | Swamp:3  | Noticed Bai Suzhen
 24719 | Swamp:3  | Killed Bai Suzhen
 24719 | Swamp:3  | Received a gift from Okawaru
 24846 | Swamp:3  | Noticed Aizul
 24854 | Swamp:3  | Killed Aizul
 25371 | Snake:1  | Entered Level 1 of the Snake Pit
 25828 | Snake:1  | Found Siraefoh's Assorted Antiques.
 25888 | Snake:1  | Reached XP level 17. HP: 112/112 MP: 24/24
 26019 | Snake:1  | Received a gift from Okawaru
 26481 | Snake:1  | Reached skill level 18 in Maces & Flails
 26704 | Snake:2  | Cast into level 1 of the Abyss (salamander)
 26884 | Abyss:2  | Noticed a tentacled starspawn
 26948 | Abyss:2  | Noticed a tentacled starspawn
 26967 | Abyss:2  | Killed a tentacled starspawn
 26987 | Abyss:2  | Found a radiant altar of Vehumet.
 27228 | Abyss:3  | Found a corrupted altar of Lugonu.
 27400 | Abyss:4  | Noticed a tentacled starspawn
 27417 | Abyss:4  | Killed a tentacled starspawn
 27428 | Abyss:4  | Killed from afar by a crystal guardian

Skill      XL: |  1  2  3  4  5  6  7  8  9 10 11 12 13 14 15 16 17 |
---------------+----------------------------------------------------+-----
Fighting       | 4 5 6 7 9 10 11 12 13 14 | 14.7
Maces & Flails | 3 4 5 6 7 9 11 12 13 14 15 16 17 18 | 18.2
Evocations     | 2 3 5 6 7 |  7.0
Dodging        | 1 3 4 6 7 8 9 |  9.6
Armour         | 4 5 7 8 9 10 11 12 | 12.1
Shields        | 4 5 7 8 9 10 11 12 | 12.1

Action                   |  1- 3 |  4- 6 |  7- 9 | 10-12 | 13-15 | 16-18 || total
-------------------------+-------+-------+-------+-------+-------+-------++-------
Melee: Flail             |   145 |   232 |   102 |   480 |       |       ||   959
       Whip              |       |       |   260 |   357 |       |       ||   617
       Hand axe          |       |       |       |    66 |   189 |       ||   255
       Great mace        |       |       |       |       |   879 |   570 ||  1449
Invok: Heroism           |       |       |       |     1 |     5 |     5 ||    11
Evoke: Wand              |       |       |       |     9 |       |       ||     9
       Phial of floods   |       |       |       |       |     1 |     1 ||     2
       Lamp of fire      |       |       |       |       |       |     1 ||     1
  Use: Potion            |       |       |     1 |     1 |     5 |     1 ||     8
       Scroll            |       |       |     8 |    19 |    10 |     6 ||    43
 Stab: Confused          |       |       |       |     1 |       |       ||     1
       Distracted        |       |       |       |       |     2 |       ||     2
       Petrified         |       |       |       |       |     2 |       ||     2
       Sleeping          |       |       |       |       |     1 |       ||     1
  Eat: Chunk             |     2 |     4 |     8 |    28 |    19 |     8 ||    69
       Royal jelly       |       |       |     1 |       |     1 |       ||     2
       Beef jerky        |       |       |     1 |       |     1 |       ||     2
       Meat ration       |       |       |       |       |     2 |     2 ||     4
Armor: Scale mail        |    65 |   155 |    59 |       |       |       ||   279
       Ring mail         |       |       |    98 |   358 |   283 |       ||   739
       Swamp dragon scal |       |       |       |       |   373 |   391 ||   764
Dodge: Dodged            |    41 |    97 |   111 |   234 |   678 |   506 ||  1667
Block: Shield            |    88 |   155 |   139 |   360 |   117 |       ||   859
